 Dungeon Sprint DCSS version 0.26-a0-663-g36e8fdb655 (webtiles) character file.

Game seed: 5007240601406866365

181 sahdkjhfkaj the Artisan of Death (level 5, 0/28 HPs)
             Began as a Deep Elf Necromancer on Oct 10, 2020.
             Was a Priest of Kikubaaqudgha.
             Succumbed to a gnoll's poison
             ... in the Dungeon (Sprint VII: "The Pits").
             The game lasted 00:02:07 (701 turns).

sahdkjhfkaj the Artisan of Death (DENe)              Turns: 701, Time: 00:02:07

Health: 0/28       AC:  2    Str:  5    XL:     5   Next: 34%
Magic:  2/18       EV: 13    Int: 21    God:    Kikubaaqudgha [***...]
Gold:   0          SH:  0    Dex: 15    Spells: 12/21 levels left

rFire    . . .     SeeInvis .   b - +2 dagger (venom)
rCold    . . .     Faith    .   (no shield)
rNeg     . . .     Spirit   .   a - +0 robe
rPois    .         Reflect  .   (no helmet)
rElec    .         Harm     .   (no cloak)
rCorr    .         Rampage  .   (no gloves)
MR       .....     NoTele   +   (no boots)
Stlth    ++........             (no amulet)
HPRegen  0.09/turn              (no ring)
MPRegen  0.16/turn              (no ring)

@: lethally poisoned (0 -> -13)
A: no striking features
a: Receive Corpses, Renounce Religion


You were in the Dungeon.
You worshipped Kikubaaqudgha.
Kikubaaqudgha was most pleased with you.
You visited 1 branch

Inventory:

Hand Weapons
 b - a +2 dagger of venom (weapon)
Armour
 a - a +0 robe (worn)
Scrolls
 h - a scroll of blinking
 j - 3 scrolls of remove curse
 k - 5 scrolls of amnesia
 l - a scroll of summoning
 m - 2 scrolls of vulnerability
Potions
 e - a potion of haste
 f - 4 potions of magic
 g - 3 potions of berserk rage
 i - 2 potions of invisibility


   Skills:
 - Level 2.4 Dodging
 - Level 2.4 Stealth
 + Level 8.8 Spellcasting
 * Level 11.5 Necromancy


You had 12 spell levels left.
You knew the following spells:

 Your Spells              Type           Power        Failure   Level
a - Agony                 Necr           ######..     1%          5
p - Pain                  Necr           ####         1%          1
v - Vampiric Draining     Necr           ######....   1%          3

Your spell library contained the following spells:

 Spells                   Type           Power        Failure   Level
 Animate Skeleton         Necr           ######       1%          1
 Sublimation of Blood     Necr           ######....   1%          2
 Animate Dead             Necr           ######....   1%          4


Dungeon Overview and Level Annotations

Branches:
Dungeon (1/1)

Altars:
Ashenzari
Cheibriados
Dithmenos
Elyvilon
Fedhas
Gozag
Hepliaklqana
Kikubaaqudgha
Makhleb
Nemelex Xobeh
Okawaru
Qazlal
Ru
Sif Muna
Trog
Uskayaw
Vehumet
Wu Jian
Xom
Yredelemnul
Zin
The Shining One
Beogh
Jiyva
Lugonu


Message History

* * * LOW HITPOINT WARNING * * *
You feel sick.
The gnoll hits you with a +1 whip of venom.
* * * LOW HITPOINT WARNING * * *
You are lethally poisoned!
The gnoll barely misses you.
* * * LOW HITPOINT WARNING * * *
You feel sick.
* * * LOW HITPOINT WARNING * * *
You feel sick.
* * * LOW HITPOINT WARNING * * *
You feel sick. The gnoll barely misses you.
* * * LOW HITPOINT WARNING * * *
You feel sick. The gnoll completely misses you.
* * * LOW HITPOINT WARNING * * *
You feel sick.
* * * LOW HITPOINT WARNING * * *
You feel sick.
You die...
Kikubaaqudgha rasps: "You have failed me!
Welcome... death!"

######### _______.#
_______.#
_____...###########++######
#######'##......@.g.g.....#
(.')))'.##......#..#......#
#######.##................+
.....†:..'.............)..+
####'#####......#..#......#
..#..# #................#
..'..# ####'#####++######
..#### #.......# ..#
#.......#


You could see 2 gnolls.

Vanquished Creatures
  A floating eye (D)
  A worker ant (D)
  5 gnolls (D)
  A leopard gecko (D)
  3 jackals (D)
  A ball python (D)
  A frilled lizard (D)
13 creatures vanquished.

Notes
Turn   | Place    | Note
-------+----------+-------------------------------------------
     0 | D        | sahdkjhfkaj the Deep Elf Necromancer began the quest for
                  | the Orb.
     0 | D        | Reached XP level 1. HP: 10/10 MP: 6/6
    11 | D        | Noticed a worker ant
    14 | D        | Killed a worker ant
    14 | D        | Reached skill level 5 in Spellcasting
    14 | D        | Reached skill level 7 in Necromancy
    14 | D        | Reached XP level 2. HP: 12/15 MP: 3/10
    86 | D        | Found a bloodstained altar of Trog.
    86 | D        | Found a shimmering blue altar of Sif Muna.
    86 | D        | Found a viscous altar of Jiyva.
    86 | D        | Found a hazy altar of Hepliaklqana.
    86 | D        | Found an opulent altar of Gozag.
    87 | D        | Found a glowing golden altar of the Shining One.
    87 | D        | Found a glowing silver altar of Zin.
    87 | D        | Found a basalt altar of Yredelemnul.
    87 | D        | Found a shimmering altar of Xom.
    87 | D        | Found an ornate altar of the Wu Jian Council.
    87 | D        | Found a sacrificial altar of Ru.
    87 | D        | Found a stormy altar of Qazlal.
    87 | D        | Found an iron altar of Okawaru.
    87 | D        | Found a sparkling altar of Nemelex Xobeh.
    87 | D        | Found a burning altar of Makhleb.
    87 | D        | Found a blossoming altar of Fedhas.
    87 | D        | Found a white marble altar of Elyvilon.
    87 | D        | Found a shadowy altar of Dithmenos.
    87 | D        | Found a snail-covered altar of Cheibriados.
    88 | D        | Found a radiant altar of Vehumet.
    88 | D        | Found a corrupted altar of Lugonu.
    88 | D        | Found a roughly hewn altar of Beogh.
    89 | D        | Found an ancient bone altar of Kikubaaqudgha.
    89 | D        | Found a hide-covered altar of Uskayaw.
    89 | D        | Found a broken altar of Ashenzari.
    97 | D        | Became a worshipper of Kikubaaqudgha
   139 | D        | Reached * piety under Kikubaaqudgha
   139 | D        | Identified Kikubaaqudgha's Disquisition on Sinister Rites
                  | (Kikubaaqudgha gifted it to you in the Dungeon)
   139 | D        | Received a gift from Kikubaaqudgha
   285 | D        | Noticed a floating eye
   288 | D        | Paralysed by a floating eye for 4 turns
   295 | D        | Paralysed by a floating eye for 4 turns
   303 | D        | Paralysed by a floating eye for 2 turns
   309 | D        | Paralysed by a floating eye for 2 turns
   315 | D        | Paralysed by a floating eye for 3 turns
   325 | D        | Paralysed by a floating eye for 3 turns
   328 | D        | Killed a floating eye
   328 | D        | Reached skill level 10 in Necromancy
   328 | D        | Reached XP level 3. HP: 19/19 MP: 11/14
   328 | D        | Reached XP level 4. HP: 24/24 MP: 11/15
   333 | D        | Reached ** piety under Kikubaaqudgha
   360 | D        | Reached XP level 5. HP: 5/28 MP: 6/17
   621 | D        | Learned a level 3 spell: Vampiric Draining
   627 | D        | Learned a level 5 spell: Agony
   655 | D        | Reached skill level 11 in Necromancy
   670 | D        | Reached *** piety under Kikubaaqudgha
   670 | D        | Identified Kikubaaqudgha's Papyrus of Stolen Souls
                  | (Kikubaaqudgha gifted it to you in the Dungeon)
   670 | D        | Received a gift from Kikubaaqudgha
   700 | D        | HP: 1/28 [poisoned by a gnoll]
   701 | D        | Succumbed to a gnoll's poison

Illustrated notes

Levels and vault maps discovered:
D:        pitsprint [storerooms_1, entrance_room_1, metal_vault_2, armoury_2,
          mini_pit_1, grid_room_1, main_hall_1, silver_pit, the_coven_1,
          the_vestibule_1, steel_vault_3, golden_pit, hallway_of_sentries,
          crystal_vault_2, iron_vault_5, final_vault]

Skill      XL: |  1  2  3  4  5 |
---------------+----------------+-----
Spellcasting   | 5 7 8 |  8.8
Necromancy     | 7 10 11 | 11.5
Dodging        | |  2.4
Stealth        | |  2.4

Action                   |  1- 3 |  4- 6 || total
-------------------------+-------+-------++-------
Melee: Dagger            |     4 |       ||     4
 Cast: Pain              |    12 |    19 ||    31
       Vampiric Draining |       |     4 ||     4
  Use: Potion            |       |     2 ||     2
Armor: Robe              |     1 |       ||     1
Dodge: Dodged            |     2 |    10 ||    12

Table legend: (Time is in decaauts)
 A = Elapsed time spent in this place.
 B = Non-inter-level travel time spent in this place.
 C = Inter-level travel time spent in this place.
 D = Time resting spent in this place.
 E = Time spent auto-exploring this place.
 F = Levels seen in this place.
 G = Mean time per level.
                   A        B        C        D        E       F      G
               +--------+--------+--------+--------+--------+-----+--------+
         Total |    700 |    700 |      0 |    463 |      0 |   1 |  700.0 |
       Dungeon |    700 |    700 |      0 |    463 |      0 |   1 |  700.0 |
               +--------+--------+--------+--------+--------+-----+--------+

Top non-repeatable levels by time:
       D: 700 daAuts
